 Dungeon Crawl Stone Soup version 0.26.0-45-g9c1d065592 (webtiles) character file.

Game seed: 1013098171194589865

441 runemasterragnar the Insei (level 6, 0/48 HPs)
             Began as a Demigod Transmuter on Jan 29, 2021.
             Hit by a boomerang thrown by an orc (5 damage)
             ... on level 4 of the Dungeon.
             The game lasted 00:07:34 (4327 turns).

runemasterragnar the Insei (Demigod Transmuter)     Turns: 4327, Time: 00:07:34

Health: 0/48       AC:  2    Str: 13    XL:     6   Next: 42%
Magic:  10/12      EV: 21    Int: 21    God:
Gold:   153        SH:  0    Dex: 21    Spells: 4/10 levels left

rFire    . . .     SeeInvis .     - Unarmed
rCold    . . .     Faith    .   (shield currently unavailable)
rNeg     . . .     Spirit   .   (armour currently unavailable)
rPois    x         Reflect  .   (helmet currently unavailable)
rElec    .         Harm     .   (cloak currently unavailable)
rCorr    .         Rampage  .   (gloves currently unavailable)
Will     .....                  (boots currently unavailable)
Stlth    ++........             (no amulet)
HPRegen  0.16/turn              (no ring)
MPRegen  0.13/turn              (no ring)

@: mighty, spider-form, very slightly contaminated, invisible
A: tiny, high mp 1
a: End Transformation


You were on level 4 of the Dungeon.
You were a venomous arachnid creature.
You visited 1 branch of the dungeon, and saw 4 of its levels.

You collected 153 gold pieces.

Inventory:

Armour
 a - a +0 robe (melded)
Scrolls
 b - a scroll of remove curse {unknown}
 d - a scroll of identify
 e - a scroll of amnesia {unknown}
 g - 2 scrolls of teleportation {unknown}
 h - 4 scrolls of enchant weapon {unknown}
Potions
 i - a potion of berserk rage


   Skills:
 + Level 2.2 Fighting
 + Level 2.7 Dodging
 * Level 4.1 Unarmed Combat
 + Level 2.5 Spellcasting
 * Level 3.6 Transmutations
 * Level 2.1 Poison Magic


You had 4 spell levels left.
You knew the following spells:

 Your Spells              Type           Power        Failure   Level
a - Beastly Appendage     Tmut           36%          11%         1
b - Wereblood             Tmut           18%          14%         2
c - Spider Form           Tmut/Pois      7%           30%         3

Your spell library contained the following spells:

 Spells                   Type           Power        Failure   Level
 Animate Skeleton         Necr           4%           32%         1
 Apportation              Tloc           4%           32%         1
 Corona                   Hex            2%           32%         1
 Summon Small Mammal      Summ           8%           32%         1
 Ice Form                 Ice/Tmut       10%          75%         4
 Blade Hands              Tmut           9%           83%         5


Dungeon Overview and Level Annotations

Branches:
Dungeon (4/15)
 Temple: D:4-7

Annotations:
D:4 Grinder


Innate Abilities, Weirdness & Mutations

You have an increased reservoir of magic. (+10% MP)


Message History

You hear a shout!
An orc comes into view. It is wielding a +0 dagger.
Grinder blinks!
An orc comes into view. It is wielding a +0 hand axe.
The orc priest completely misses you.
Items here: $ ) ? [.
The orc shouts!
You bite the orc priest!
You kill the orc priest!
Unknown command.
An orc comes into view.
Found a burning altar of Makhleb.
The orc throws a boomerang.
The boomerang closely misses you.
The weapon returns to the orc!
The orc hits you with a +0 flail!
* * * LOW HITPOINT WARNING * * *
You catch the helpless orc completely off-guard!
You maul the orc!!
You kill the orc!
The orc throws a boomerang.
The boomerang hits you.
You die...

..... . #.
......#......#
.>##.##........_...#
$....#......._5....##
.......ooo$.......# ##.
....#.o._..8.._.# #..
#†.# #.........# .
#..####..####)_..._..#
.##.#...##..#o<.s._....#
........[....o..#....#.#
#.......#.##.....))....#
###.......##.##.#.######
#.#........>#####.#
.......#..### ###
..###..#### ...##..##
...###..#


You could see Grinder, an orc wizard and 5 orcs.

Vanquished Creatures
  A sky beast (D:3)
  3 wights (D:3)
  An orc priest (D:4)
  An orc wizard (D:4)
  A worker ant (D:4)
  A gnoll (D:1)
  7 adders
  An adder skeleton (D:3)
  2 worms
  4 dart slugs
  2 leopard geckos
  An orc (D:4)
  9 bats
  3 giant cockroaches
  8 hobgoblins
  8 jackals
  A quokka (D:4)
  3 frilled lizards
  11 goblins
  8 kobolds
  10 rats
86 creatures vanquished.

Notes
Turn   | Place    | Note
-------+----------+-------------------------------------------
     0 | D:1      | runemasterragnar the Demigod Transmuter began the quest for
                  | the Orb.
     0 | D:1      | Reached XP level 1. HP: 15/15 MP: 5/5
   166 | D:1      | Reached skill level 1 in Fighting
   166 | D:1      | Reached XP level 2. HP: 17/23 MP: 7/7
   483 | D:1      | Reached skill level 3 in Unarmed Combat
  1068 | D:1      | Reached XP level 3. HP: 23/28 MP: 8/8
  1367 | D:2      | Found a basalt altar of Yredelemnul.
  1369 | D:2      | Noticed a profane servitor
  1374 | D:2      | Found a glowing golden altar of the Shining One.
  1376 | D:2      | Noticed an angel
  1787 | D:2      | Found a faded altar of an unknown god.
  2136 | D:2      | Learned a level 2 spell: Wereblood
  2140 | D:2      | Learned a level 3 spell: Spider Form
  2168 | D:2      | Reached XP level 4. HP: 23/35 MP: 7/9
  2568 | D:3      | Noticed a sky beast
  2589 | D:3      | Killed a sky beast
  2590 | D:3      | Reached skill level 1 in Poison Magic
  2590 | D:3      | Reached XP level 5. HP: 19/41 MP: 7/11
  3339 | D:3      | Reached XP level 6. HP: 25/48 MP: 9/12
  3645 | D:3      | Reached skill level 4 in Unarmed Combat
  3966 | D:3      | Found a bloodstained altar of Trog.
  4038 | D:4      | Found an ancient bone altar of Kikubaaqudgha.
  4046 | D:4      | Found a hide-covered altar of Uskayaw.
  4047 | D:4      | Found a stormy altar of Qazlal.
  4047 | D:4      | Found a shadowy altar of Dithmenos.
  4047 | D:4      | Found a snail-covered altar of Cheibriados.
  4048 | D:4      | Found a glowing silver altar of Zin.
  4049 | D:4      | Noticed Grinder
  4325 | D:4      | Found a burning altar of Makhleb.
  4327 | D:4      | Hit by a boomerang thrown by an orc

Illustrated notes

Levels and vault maps discovered:
D:1:      dpeg_arrival_round_a, layout_loops_ring, st_stairs_12,
          minmay_misc_feat_pillars, eino_curves_02
D:2:      layout_basic, grunt_temple_overflow_holy_war,
          chequers_ecumenical_altar_simple
D:3:      layout_rooms, lemuel_doored_altar
D:4:      layout_cave_pools, grunt_temple_overflow_open, minmay_box_of_dots,
          uniq_grinder, uniq_ijyb

Skill      XL: |  1  2  3  4  5  6 |
---------------+-------------------+-----
Fighting       | 1 2 |  2.2
Transmutations | 2 3 |  3.6
Dodging        | 2 |  2.7
Unarmed Combat | 3 4 |  4.1
Spellcasting   | 2 |  2.5
Poison Magic   | 1 2 |  2.1

Action                   |  1- 3 |  4- 6 || total
-------------------------+-------+-------++-------
Melee: Unarmed           |   122 |   140 ||   262
       Kick              |    20 |     2 ||    22
       Headbutt          |    15 |     1 ||    16
       Punch             |     3 |     3 ||     6
 Cast: Beastly Appendage |    29 |     4 ||    33
       Spider Form       |       |    16 ||    16
 Abil: End Transformatio |       |     1 ||     1
  Use: Potion            |       |     4 ||     4
       Scroll            |       |     3 ||     3
 Stab: Sleeping          |     1 |     1 ||     2
       Invisible         |       |     2 ||     2
Armor: Robe              |    21 |     6 ||    27
       Skin              |       |    19 ||    19
Dodge: Dodged            |    68 |   137 ||   205
